 Dungeon Crawl Stone Soup version 0.17-a0-737-gf0a300a (console) character file.

74 Monkaria the Slasher (level 4, 36/36 HPs)
             Began as a Demonspawn Chaos Knight on May 9, 2015.
             Quit the game on level 2 of the Dungeon.
             The game lasted 00:03:48 (1742 turns).

Monkaria the Slasher (Demonspawn Chaos Knight)      Turns: 1742, Time: 00:03:48

Health: 36/36      AC:  8    Str: 14    XL:     4   Next: 9%
Magic:  4/4        EV: 11    Int: 13    God:    Xom [*.....]
Gold:   93         SH:  0    Dex: 12    Spells: 0 memorised, 3 levels left

rFire  . . .     SeeInvis .     a - +0 falchion (chaos)
rCold  . . .     Clarity  .     b - +2 leather armour
rNeg   . . .     SustAb   .     (no shield)
rPois  .         Gourm    .     (no helmet)
rElec  .         Spirit   +     (no cloak)
rCorr  .         Warding  .     (no gloves)
rMut   .         Stasis   .     (no boots)
MR     .....                    j - amulet of guardian spirit
Stlth  +.........               (no ring)
                                (no ring)

@: not resistant to hostile enchantments, very unstealthy
A: slimy green scales 2
a: Renounce Religion


You were on level 2 of the Dungeon.
You worshipped Xom.
You were a special plaything of Xom.
You were not hungry.

You visited 1 branch of the dungeon, and saw 2 of its levels.

You collected 93 gold pieces.

Inventory:

Hand weapons
 a - a +0 falchion of chaos (weapon)
Armour
 b - a +2 leather armour (worn)
Jewellery
 j - an amulet of guardian spirit (around neck)
Scrolls
 e - a scroll of amnesia {unknown}
 g - 3 scrolls of identify {unknown}
 h - 2 scrolls of remove curse {unknown}
 k - a scroll of immolation {unknown}
 l - a scroll of random uselessness {unknown}
Potions
 d - a potion of curing {unknown}
Comestibles
 c - 3 bread rations
 f - a royal jelly
 i - 3 beef jerkies
 m - a chunk of flesh


   Skills:
 + Level 3.6 Fighting
 * Level 4.1 Long Blades
 - Level 1.7 Armour
 - Level 0.8 Dodging


You had 3 spell levels left.
You didn't know any spells.

Dungeon Overview and Level Annotations

Branches:
Dungeon (2/15)

Altars:
Dithmenos


Innate Abilities, Weirdness & Mutations

You are mostly covered in slimy green scales (AC +3).


Message History

An adder comes into view.
You hit the adder but do no damage. You drain the adder!
The adder is lightly wounded.
The adder bites you but does no damage. The adder barely misses you.
You hit the adder.
The adder is moderately wounded.
The adder bites you but does no damage.
You slash the adder!
The adder is poisoned.
The adder is severely wounded.
The adder closely misses you.
You hit the adder.
You kill the adder!
You have reached level 4!
You feel stronger.
Your demonic ancestry asserts itself...
Slimy green scales spread over more of your body.
Xom is mildly amused.
You see here an adder corpse.
You butcher the adder corpse.
m - a chunk of flesh Are you sure you want to abandon this character and quit the game? (Confirm with "yes".)

##### ......
#...... #......
#......
#......#########
#......@.......#
##############.###
#...# #...# #...##
#....# #....#
#....# #.##.#


There were no monsters in sight!

Vanquished Creatures
  3 adders (D:2)
  An ooze (D:1)
  2 giant cockroaches (D:1)
  6 goblins
  8 hobgoblins
  9 bats
  A giant gecko (D:1)
  3 giant newts
  2 jackals (D:2)
  5 kobolds (D:1)
  11 rats
51 creatures vanquished.

Notes
Turn   | Place    | Note
--------------------------------------------------------------
     0 | D:1      | Monkaria, the Demonspawn Chaos Knight, began the quest for the Orb.
     0 | D:1      | Reached XP level 1. HP: 18/18 MP: 1/1
   152 | D:1      | XOM: silly message
   410 | D:1      | Gained mutation: You are partially covered in slimy green scales (AC +2). [demonic ancestry]
   410 | D:1      | Reached XP level 2. HP: 24/24 MP: 2/2
   680 | D:1      | XOM: silly message
   709 | D:1      | XOM: 5-stop teleportation journey
   737 | D:1      | XOM: summons 5 hostile shadow creatures
   790 | D:1      | XOM: colour smoke trail
   887 | D:1      | XOM: silly message
  1057 | D:1      | XOM: 5-stop teleportation journey
  1165 | D:1      | Reached XP level 3. HP: 27/29 MP: 3/3
  1450 | D:2      | Reached skill level 4 in Long Blades
  1605 | D:2      | Found a shadowy altar of Dithmenos.
  1738 | D:2      | Gained mutation: You are mostly covered in slimy green scales (AC +3). [demonic ancestry]
  1738 | D:2      | Reached XP level 4. HP: 36/36 MP: 4/4
  1742 | D:2      | Quit the game

Action                   |  1- 3 |  4- 6 || total
-------------------------+-------+-------++-------
Melee: Falchion          |   154 |       ||   154
  Eat: Chunk             |     3 |       ||     3
